[Event "Titled Tuesday Blitz August 02 Late 2022"]
[White "Blanco Ronquillo, Humberto L."]
[Black "Steinberg, Nitzan"]
[WhiteFideId "3504239"]
[BlackFideId "2801795"]
[WhiteElo "2423"]
[BlackElo "2471"]
[Result "0-1"]
[Round "08"]
[TimeControl "180+1"]
[Date "2022.08.02"]
[WhiteClock "0:00:05"]
[BlackClock "0:00:05"]

1. e4 c5 2. Nf3 e6 3. d4 cxd4 4. Nxd4 Nc6 5. Nxc6 bxc6 6. Bd3 d5 7. Qe2 Nf6 8. Nd2 Be7 9. O-O O-O 10. c4 a5 11. b3 a4 12. Bb2 Re8 13. e5 Nd7 14. Nf3 Nc5 15. Bc2 Ba6 16. Rfd1 Qb8 17. Bd4 axb3 18. axb3 Nxb3 19. Qd3 g6 20. Bxb3 Rd8 21. Qc2 c5 22. Be3 d4 23. Bh6 Bb7 24. Rxa8 Bxa8 25. Bf4 Bc6 26. Qd3 Qc7 27. Ra1 Rb8 28. Nd2 Qb7 29. Qg3 Qb4 30. Ra7 Bb7 31. Bg5 Bf8 32. h4 Qc3 33. Qf4 d3 34. Bd1 Qc1 35. Qg4 h5 36. Nb3 Qb1 37. Nd2 Qc1 38. Qf4 Qxd1+ 39. Kh2 Qg4 40. Qxg4 hxg4 41. Kg3 Bc6 42. Kxg4 Bxg2 43. Rc7 Bf1 44. f3 Be2 45. Kf4 Bg7 46. Ke3 Bxe5 47. Rd7 Bd4+ 48. Ke4 e5 49. Kd5 Bc3 50. Ne4 Bd4 51. Bh6 Bxf3 52. Kd6 Bxe4 0-1


[Site "https://www.chess.com"]

[Event "Titled Tuesday Blitz August 02 Late 2022"]
[White "Clarke, Brandon G I"]
[Black "Hakobyan, Aram"]
[WhiteFideId "400319"]
[BlackFideId "13306677"]
[WhiteElo "2414"]
[BlackElo "2557"]
[Result "0-1"]
[Round "08"]
[TimeControl "180+1"]
[Date "2022.08.02"]
[WhiteClock "0:00:54"]
[BlackClock "0:01:57"]

1. e4 g6 2. d4 c6 3. f4 d5 4. e5 h5 5. Nf3 Bg4 6. h3 Bxf3 7. Qxf3 e6 8. g3 Ne7 9. Be3 Nf5 10. Bf2 Nd7 11. Nd2 c5 12. dxc5 Bxc5 13. Nb3 Bxf2+ 14. Qxf2 h4 15. g4 Ng3 16. Rh2 Ne4 17. Qe3 a5 18. a4 O-O 19. Bb5 Rc8 20. O-O-O Nb6 21. Nd4 Nc4 22. Qe1 Qe7 23. Kb1 Rc7 24. Re2 Rfc8 25. Rxe4 dxe4 26. Qxe4 Qb4 27. Bxc4 Rxc4 28. Qd3 Rc3 29. Qe4 Rxc2 30. b3 Rd2 31. Rxd2 Qxd2 32. Nc2 Rc3 33. Kb2 Rxh3 34. f5 Qc3+ 0-1


[Site "https://www.chess.com"]

[Event "Titled Tuesday Blitz August 02 Late 2022"]
[White "Djordjevic, Vuk"]
[Black "Swiercz, Dariusz"]
[WhiteFideId "902098"]
[BlackFideId "1126881"]
[WhiteElo "2456"]
[BlackElo "2627"]
[Result "0-1"]
[Round "08"]
[TimeControl "180+1"]
[Date "2022.08.02"]
[WhiteClock "0:00:01"]
[BlackClock "0:00:08"]

1. d4 d5 2. Nf3 Nc6 3. Bf4 Bg4 4. Nbd2 e6 5. e3 Bd6 6. Bg3 Nge7 7. c3 O-O 8. Bd3 Bf5 9. e4 dxe4 10. Nxe4 h6 11. Qe2 a5 12. a4 Nd5 13. O-O Re8 14. Rfe1 Bxe4 15. Bxe4 Bxg3 16. hxg3 Qd6 17. Rad1 Rad8 18. Qb5 b6 19. Ne5 Nxe5 20. dxe5 Qc5 21. Qxc5 bxc5 22. Bd3 c6 23. Re4 Nb6 24. b3 Kf8 25. Rf4 c4 26. Bc2 Rxd1+ 27. Bxd1 cxb3 28. Bxb3 Ke7 29. Kf1 Rb8 30. Bc2 Nd7 31. Rc4 Rb6 32. f4 f6 33. exf6+ gxf6 34. Be4 c5 35. g4 Kd6 36. Bf3 Rb2 37. Re4 Rc2 38. Re3 c4 39. Be2 Nb6 40. Ke1 Nd5 41. Re4 Nxc3 42. Rd4+ Ke7 43. Bxc4 Rxg2 44. f5 exf5 45. gxf5 Nxa4 46. Be6 Nc5 47. Bc8 Rc2 48. Kd1 Rc3 49. Kd2 Rg3 50. Rc4 Nb3+ 51. Kc2 a4 52. Rxa4 Nc5 53. Rc4 Kd6 54. Rd4+ Ke5 55. Rc4 Kd5 56. Rb4 Rg2+ 57. Kc3 Rg3+ 58. Kc2 Rg2+ 59. Kc3 Rg1 60. Rh4 Rg3+ 61. Kc2 Rg8 62. Be6+ Nxe6 63. fxe6 Kxe6 64. Rxh6 Rd8 65. Rh5 f5 66. Rh1 f4 67. Rf1 Kf5 68. Kc3 Kg4 0-1


[Site "https://www.chess.com"]

[Event "Titled Tuesday Blitz August 02 Late 2022"]
[White "Domingo Nunez, Ruben"]
[Black "Awatramani, Janak"]
[WhiteFideId "22245570"]
[BlackFideId "2608359"]
[WhiteElo "2373"]
[BlackElo "2761"]
[Result "1-0"]
[Round "08"]
[TimeControl "180+1"]
[Date "2022.08.02"]
[WhiteClock "0:01:13"]
[BlackClock "0:02:09"]

1. c4 c6 2. g3 d5 3. Bg2 Nf6 4. Nf3 e6 5. O-O Be7 6. b3 O-O 7. Bb2 b6 8. e3 Bb7 9. Qe2 Nbd7 10. Rd1 Qc7 11. Nc3 Rfd8 12. Rac1 a6 13. d4 dxc4 14. Qxc4 c5 15. Qe2 Rac8 16. e4 Qb8 17. d5 exd5 18. e5 Ne8 19. e6 Nf8 20. exf7+ Kxf7 21. Ne5+ Kg8 22. Nxd5 Bf6 23. Nxf6+ gxf6 24. Qc4+ 1-0


[Site "https://www.chess.com"]

[Event "Titled Tuesday Blitz August 02 Late 2022"]
[White "Drygalov, Sergey"]
[Black "Rosen, Eric"]
[WhiteFideId "24171743"]
[BlackFideId "2032562"]
[WhiteElo "2523"]
[BlackElo "2362"]
[Result "1-0"]
[Round "08"]
[TimeControl "180+1"]
[Date "2022.08.02"]
[WhiteClock "0:00:10"]
[BlackClock "0:00:02"]

1. d4 d5 2. c4 e6 3. Nf3 Nf6 4. Nc3 a6 5. cxd5 exd5 6. Bg5 Be7 7. e3 O-O 8. Bd3 Re8 9. O-O Nbd7 10. Qc2 c6 11. h3 Nf8 12. Ne5 N6d7 13. Bxe7 Qxe7 14. Nf3 Ng6 15. Rfe1 Nf6 16. Rab1 Ne4 17. b4 Nh4 18. Be2 Qf6 19. Nxe4 dxe4 20. Nxh4 Qxh4 21. Bf1 Be6 22. a4 Bd5 23. b5 axb5 24. axb5 Re6 25. bxc6 bxc6 26. Ra1 Rae8 27. g3 Rg6 28. Bg2 Qe7 29. Ra6 h5 30. Rea1 h4 31. g4 f5 32. gxf5 Rg5 33. Ra8 Kh7 34. Rxe8 Qxe8 35. Qe2 Qf7 36. Kh1 Qxf5 37. Rg1 Qg6 38. Qd1 Be6 39. Qb1 Bf5 40. Qd1 Qe6 41. Kh2 Qd6+ 42. Kh1 Kh6 43. Qe1 Qe6 44. Kh2 Qd6+ 45. Kh1 Qg6 46. Qc1 Qf6 47. Qe1 Bg6 48. Bf1 Qf3+ 49. Bg2 Qf5 50. Bf1 Bh5 51. Rxg5 Qxg5 52. Bg2 Bf3 53. Qg1 Qf5 54. Kh2 1-0


[Site "https://www.chess.com"]

[Event "Titled Tuesday Blitz August 02 Late 2022"]
[White "Espinosa Veloz, Ermes"]
[Black "Wachinger, Nikolas"]
[WhiteFideId "3507424"]
[BlackFideId "12962791"]
[WhiteElo "2333"]
[BlackElo "2253"]
[Result "1-0"]
[Round "08"]
[TimeControl "180+1"]
[Date "2022.08.02"]
[WhiteClock "0:00:09"]
[BlackClock "0:00:10"]

1. d4 Nf6 2. c4 g6 3. g3 Bg7 4. Bg2 O-O 5. Nf3 b6 6. Nc3 Bb7 7. O-O Ne4 8. Bd2 Nxd2 9. Qxd2 c5 10. d5 d6 11. e4 Nd7 12. Ne1 Ba6 13. b3 b5 14. Nc2 Qa5 15. b4 cxb4 16. Nxb5 Bxb5 17. cxb5 Bxa1 18. Rxa1 Qxb5 19. Nd4 Qb6 20. Nc6 Rfe8 21. Qg5 Nf6 22. e5 Nd7 23. e6 Nf6 24. Nxe7+ Rxe7 25. Qxf6 Rae8 26. Bh3 Qc5 27. Re1 Rf8 28. Qxe7 Qc3 29. Re3 Qc1+ 30. Kg2 Qd1 31. exf7+ Kg7 32. Be6 Qd4 33. Qh4 h5 34. Qxd4+ Kh7 35. Qf6 h4 36. Bf5 gxf5 37. Qxf5+ Kg7 38. Re6 h3+ 39. Kxh3 b3 40. Rg6+ Kh8 41. Qh5# 1-0


[Site "https://www.chess.com"]

[Event "Titled Tuesday Blitz August 02 Late 2022"]
[White "Fedoseev, Vladimir"]
[Black "Svane, Frederik"]
[WhiteFideId "24130737"]
[BlackFideId "12923044"]
[WhiteElo "2726"]
[BlackElo "2459"]
[Result "1-0"]
[Round "08"]
[TimeControl "180+1"]
[Date "2022.08.02"]
[WhiteClock "0:00:17"]
[BlackClock "0:00:08"]

1. d4 Nf6 2. c4 e6 3. Nc3 Bb4 4. e3 O-O 5. Bd3 c5 6. Nf3 b6 7. Bd2 Bb7 8. O-O cxd4 9. exd4 d5 10. cxd5 Nxd5 11. Re1 Nd7 12. Qe2 Nxc3 13. bxc3 Bd6 14. c4 Rc8 15. Rad1 h6 16. Bc3 Re8 17. a4 Qf6 18. Nd2 Qh4 19. g3 Qe7 20. Rb1 Nf6 21. f3 Nd5 22. cxd5 Rxc3 23. Ne4 Rxd3 24. Qxd3 Bxd5 25. Nc3 Bb7 26. d5 Rd8 27. Kg2 Bb4 28. Rbd1 Bxc3 29. Qxc3 Bxd5 30. Rd4 Qf6 31. Red1 h5 32. R1d3 g5 33. Rxd5 Rxd5 34. Qxf6 Rxd3 35. Qxg5+ Kf8 36. Qxh5 Rd5 37. Qh8+ Ke7 38. h4 Ra5 39. h5 Rxa4 40. h6 Ra2+ 41. Kh3 Rf2 42. f4 Rf1 43. h7 Rh1+ 44. Kg2 1-0


[Site "https://www.chess.com"]

[Event "Titled Tuesday Blitz August 02 Late 2022"]
[White "Golubev, Mikhail"]
[Black "Tanenbaum, Zachary"]
[WhiteFideId "14100983"]
[BlackFideId "2060850"]
[WhiteElo "2374"]
[BlackElo "2175"]
[Result "0-1"]
[Round "08"]
[TimeControl "180+1"]
[Date "2022.08.02"]
[WhiteClock "0:00:02"]
[BlackClock "0:00:57"]

1. e4 e5 2. Nf3 Nc6 3. Bb5 a6 4. Ba4 d6 5. O-O Nf6 6. Re1 Be7 7. c3 O-O 8. h3 b5 9. Bc2 Nb8 10. a4 Bb7 11. axb5 axb5 12. Rxa8 Bxa8 13. d4 Nbd7 14. b4 Re8 15. d5 c6 16. dxc6 Bxc6 17. Na3 Bf8 18. Bd3 Qb6 19. Qe2 Rb8 20. Nc2 Qb7 21. Bg5 h6 22. Bxf6 Nxf6 23. Nd2 Qb6 24. Ne3 g6 25. Qf3 Nh5 26. g3 Bd7 27. Nd5 Qb7 28. g4 Ng7 29. Nf6+ Kh8 30. Nxd7 Qxd7 31. Nf1 Ne6 32. Ne3 Nf4 33. Nd5 Nxd5 34. exd5 Bg7 35. Ra1 Rc8 36. Qe2 Rxc3 37. Bxb5 Qe7 38. Bc6 Rxh3 39. Kg2 Qh4 40. Rg1 Rh2+ 41. Kf1 e4 42. Ke1 Bc3+ 43. Kd1 Rxf2 44. Qxe4 Qh2 0-1


[Site "https://www.chess.com"]

[Event "Titled Tuesday Blitz August 02 Late 2022"]
[White "Grischuk, Alexander"]
[Black "Lobanov, Sergei"]
[WhiteFideId "4126025"]
[BlackFideId "24183750"]
[WhiteElo "2762"]
[BlackElo "2524"]
[Result "1-0"]
[Round "08"]
[TimeControl "180+1"]
[Date "2022.08.02"]
[WhiteClock "0:00:27"]
[BlackClock "0:00:08"]

1. d4 Nf6 2. c4 e6 3. Nc3 Bb4 4. e3 O-O 5. Bd3 d5 6. a3 Bxc3+ 7. bxc3 dxc4 8. Bxc4 c5 9. Ne2 Qc7 10. Bd3 Nc6 11. f4 b6 12. O-O Bb7 13. Ng3 Rad8 14. Bb2 Qd7 15. Qe2 cxd4 16. cxd4 Nd5 17. f5 exf5 18. Bxf5 Qe7 19. e4 Nc7 20. Bxh7+ Kxh7 21. Qh5+ Kg8 22. Nf5 Qxe4 23. Rae1 Qd5 24. Qg5 g6 25. Qf6 gxf5 26. Qg5+ Kh7 27. Re3 1-0


[Site "https://www.chess.com"]

[Event "Titled Tuesday Blitz August 02 Late 2022"]
[White "Harvey, Marcus R"]
[Black "Perera Alfonso, Rene Humberto"]
[WhiteFideId "400092"]
[BlackFideId "3514722"]
[WhiteElo "2485"]
[BlackElo "2313"]
[Result "1-0"]
[Round "08"]
[TimeControl "180+1"]
[Date "2022.08.02"]
[WhiteClock "0:00:24"]
[BlackClock "0:00:21"]

1. Nf3 d5 2. b3 Nf6 3. Bb2 Bg4 4. g3 Nbd7 5. Bg2 e6 6. O-O Be7 7. c4 c6 8. d3 O-O 9. Nbd2 a5 10. a3 h6 11. Re1 b5 12. Nd4 Qb6 13. cxb5 cxb5 14. h3 Bh5 15. N2f3 Rfc8 16. a4 b4 17. Nb5 Rc6 18. Nfd4 Rc5 19. Qd2 Rac8 20. Rac1 Ne8 21. Nf3 Rxc1 22. Rxc1 Rxc1+ 23. Qxc1 Bc5 24. e3 Bg6 25. Bf1 Kh7 26. Be2 Ndf6 27. Kg2 Be7 28. Bd4 Qb7 29. Ne5 Nd6 30. Qc6 Qb8 31. Nxg6 Kxg6 32. Qb6 Qxb6 33. Bxb6 Nb7 34. d4 Nd7 35. Bc7 Bd8 36. Bd3+ f5 37. Bxd8 Nxd8 38. g4 Kf6 39. Nd6 fxg4 40. hxg4 Nb6 41. f4 Ke7 42. Nb5 Nc6 43. Kg3 g5 44. Nc7 Kd7 45. fxg5 hxg5 46. Na6 e5 47. Bb5 exd4 48. Nb8+ Kd6 49. Nxc6 dxe3 50. Kf3 Nc4 51. bxc4 b3 52. cxd5 Kxd5 53. Nxa5 Kd4 54. Nxb3+ Kc3 55. Kxe3 1-0


[Site "https://www.chess.com"]

[Event "Titled Tuesday Blitz August 02 Late 2022"]
[White "Ibarra Jerez, Jose Carlos"]
[Black "Zou, Chen"]
[WhiteFideId "2226332"]
[BlackFideId "8610959"]
[WhiteElo "2628"]
[BlackElo "2276"]
[Result "1-0"]
[Round "08"]
[TimeControl "180+1"]
[Date "2022.08.02"]
[WhiteClock "0:00:59"]
[BlackClock "0:00:10"]

1. d4 Nf6 2. Bf4 d5 3. e3 e6 4. Nd2 Bd6 5. Ngf3 O-O 6. Bd3 c5 7. dxc5 Bxf4 8. exf4 Qc7 9. g3 Qxc5 10. O-O b6 11. Nb3 Qc7 12. Qe2 a5 13. Nbd4 Ba6 14. Rfe1 Bxd3 15. cxd3 Nbd7 16. Rac1 Nc5 17. Ne5 g6 18. Nb5 Qe7 19. d4 Na6 20. Rc6 Rab8 21. Rec1 Ne4 22. f3 Nf6 23. a3 Rfe8 24. Rc7 Nxc7 25. Rxc7 Qf8 26. Rxf7 Qxf7 27. Nxf7 Kxf7 28. Nd6+ Ke7 29. Nxe8 Rxe8 30. Qa6 Nd7 31. Qb7 Rb8 32. Qc7 Re8 33. Kf2 Rf8 34. Ke3 Re8 35. g4 Rf8 36. a4 Rf7 37. Qc3 Rf8 38. b4 Ra8 39. Qc6 Ra7 40. b5 h5 41. gxh5 gxh5 42. f5 exf5 43. Kf4 Nf6 44. Qxb6 Rd7 45. Ke5 Ne8 46. Qc5+ Nd6 47. Kxd5 f4 48. h4 Ke8 49. Qxd6 1-0


[Site "https://www.chess.com"]

[Event "Titled Tuesday Blitz August 02 Late 2022"]
[White "Koellner, Ruben Gideon"]
[Black "Dimitrov, Atanas"]
[WhiteFideId "12993093"]
[BlackFideId "2901315"]
[WhiteElo "2517"]
[BlackElo "2674"]
[Result "1-0"]
[Round "08"]
[TimeControl "180+1"]
[Date "2022.08.02"]
[WhiteClock "0:00:03"]
[BlackClock "0:00:05"]

1. a3 Nf6 2. d4 d5 3. Nf3 g6 4. e3 Bg7 5. b4 O-O 6. c4 b6 7. c5 a5 8. Bb2 Ne4 9. Nfd2 Ng5 10. Nc3 e5 11. dxe5 bxc5 12. bxc5 Ne6 13. Nf3 c6 14. Na4 Nd7 15. Bd4 Qc7 16. Nb6 Rb8 17. Nxd7 Bxd7 18. Be2 Rfe8 19. O-O Bf8 20. Qc2 Qa7 21. Rfc1 a4 22. Bd1 Ra8 23. Rab1 Nc7 24. Rb4 Nb5 25. Rxa4 Qc7 26. Ra1 Bf5 27. Qd2 Be4 28. Rxa8 Rxa8 29. a4 Na7 30. Ng5 Bf5 31. Bc2 Bxc2 32. Qxc2 h6 33. Nf3 Nc8 34. e6 Kh7 35. exf7 Qxf7 36. Ne5 Qe6 37. Rb1 Ne7 38. Rb7 Kg8 39. f4 Nf5 40. g3 h5 41. Kg2 h4 42. g4 Ne7 43. h3 Ra6 44. Qf2 Rxa4 45. Qxh4 Ra2+ 46. Kg3 Qc8 47. Rxe7 Bxe7 48. Qxe7 Qf8 49. Qg5 Qe8 50. Nxg6 Kf7 51. Ne5+ Ke6 52. Qf5+ Ke7 53. Qg5+ Ke6 54. f5# 1-0


[Site "https://www.chess.com"]

[Event "Titled Tuesday Blitz August 02 Late 2022"]
[White "Kosteniuk, Alexandra"]
[Black "Tica, Sven"]
[WhiteFideId "4128125"]
[BlackFideId "14526948"]
[WhiteElo "2469"]
[BlackElo "2346"]
[Result "0-1"]
[Round "08"]
[TimeControl "180+1"]
[Date "2022.08.02"]
[WhiteClock "0:00:08"]
[BlackClock "0:00:08"]

1. e4 c5 2. Nf3 Nf6 3. e5 Nd5 4. c3 e6 5. d4 cxd4 6. cxd4 b6 7. Bd3 Ba6 8. O-O Bxd3 9. Qxd3 Nc6 10. Nc3 Nxc3 11. bxc3 d5 12. h4 Na5 13. Bg5 Be7 14. Nd2 Bxg5 15. hxg5 Rc8 16. f4 g6 17. Rfc1 Nc4 18. Nf3 h5 19. gxh6 Rxh6 20. Kf2 Ke7 21. Rh1 Qh8 22. Rhb1 Qe8 23. a4 Qc6 24. Ng1 Na5 25. Ne2 Qc4 26. Qg3 Rh5 27. Rb4 Qc7 28. Rb5 Rch8 29. Rab1 Kf8 30. Qd3 Kg7 31. Rg1 Rh1 32. Rbb1 Rxg1 33. Rxg1 Qc4 34. Qxc4 Nxc4 35. Rb1 Rc8 36. Rb5 Nd2 37. Ke3 Nc4+ 38. Kd3 Rh8 39. Rb1 Rh2 40. g3 Rf2 41. g4 Rf3+ 42. Kc2 Ne3+ 43. Kb3 Nxg4 44. a5 Re3 45. Rb2 bxa5 46. Ra2 Nf2 47. Nc1 Ne4 48. Rc2 a4+ 49. Kb4 a3 50. Na2 Rf3 51. c4 dxc4 52. Rxc4 Rxf4 53. Kxa3 g5 54. Rc7 g4 55. d5 exd5 56. e6 g3 57. e7 Nf6 58. Rc3 Rg4 59. Rc1 Re4 60. Rg1 Nh5 61. Nc3 Rxe7 62. Nxd5 Re5 63. Nc3 f5 64. Kb4 f4 65. Kc4 Kg6 66. Kd4 Re8 67. Ne4 Rd8+ 68. Ke5 Re8+ 69. Kd4 Re7 70. Kd5 Kf5 71. Nd6+ Kg4 72. Nc4 f3 73. Ne5+ Rxe5+ 74. Kxe5 f2 0-1


[Site "https://www.chess.com"]

[Event "Titled Tuesday Blitz August 02 Late 2022"]
[White "Ladopoulos, Dimitrios"]
[Black "Vasquez Schroeder, Rodrigo"]
[WhiteFideId "4239580"]
[BlackFideId "3400042"]
[WhiteElo "2195"]
[BlackElo "2567"]
[Result "0-1"]
[Round "08"]
[TimeControl "180+1"]
[Date "2022.08.02"]
[WhiteClock "0:00:04"]
[BlackClock "0:00:46"]

1. Nf3 c5 2. b3 Nf6 3. Bb2 e6 4. e3 b6 5. Be2 Bb7 6. O-O Be7 7. d4 O-O 8. c4 d6 9. Nc3 Nbd7 10. Rc1 a6 11. Qd2 Qc7 12. Rfd1 Rac8 13. h3 Rfe8 14. Qc2 Qb8 15. Qb1 cxd4 16. Nxd4 Qa8 17. Bf1 Nc5 18. Nde2 Red8 19. Ng3 h6 20. Qa1 Bf8 21. Nce2 Nce4 22. Nxe4 Nxe4 23. Bd4 Qa7 24. Nc3 Nc5 25. b4 Nd7 26. Na4 Bc6 27. Nb2 Qa8 28. a4 a5 29. b5 Bb7 30. Nd3 Qb8 31. Bb2 Qc7 32. Ba3 Be7 33. Qb1 Be4 34. Qb2 Bf6 35. Qd2 Bxd3 36. Bxd3 Nc5 37. Bc2 g6 38. Qe2 Bg7 39. Rb1 Qe7 40. Bc1 h5 41. e4 Bc3 42. Be3 Qf6 43. g3 h4 44. g4 Be5 45. Qd2 Qg7 46. f4 Bc3 47. Qf2 Qh8 48. Kg2 Bb4 49. f5 Nd7 50. Bxb6 Nxb6 51. Qxb6 Bc5 52. Qb7 Qe5 53. Rd3 Rb8 54. Qe7 Qxe4+ 55. Kf1 Qh1+ 56. Ke2 Qg2+ 57. Kd1 Qf1+ 58. Kd2 Qf2+ 59. Kc3 d5 60. Qf6 Bb4+ 61. Kb3 dxc4+ 62. Kxc4 Rdc8+ 0-1


[Site "https://www.chess.com"]

[Event "Titled Tuesday Blitz August 02 Late 2022"]
[White "Livaic, Leon"]
[Black "Shohat, Yotam"]
[WhiteFideId "14531534"]
[BlackFideId "2813955"]
[WhiteElo "2540"]
[BlackElo "2119"]
[Result "0-1"]
[Round "08"]
[TimeControl "180+1"]
[Date "2022.08.02"]
[WhiteClock "0:00:10"]
[BlackClock "0:00:39"]

1. e4 e5 2. f4 d5 3. exd5 exf4 4. Nf3 Nf6 5. c4 c6 6. d4 cxd5 7. Bxf4 Bb4+ 8. Nc3 O-O 9. Be2 Nc6 10. O-O dxc4 11. Bxc4 Bg4 12. Kh1 Bxf3 13. Rxf3 Qxd4 14. Qf1 Ne5 15. Bxe5 Qxe5 16. Re1 Qh5 17. Rxf6 gxf6 18. Nd5 Qg5 19. Nxb4 Rae8 20. Nd5 Rxe1 21. Qxe1 Kg7 22. h3 Rc8 23. Qf1 b5 24. b3 bxc4 25. bxc4 Re8 26. Kg1 Re6 27. Nf4 Re4 28. Nd3 Rxc4 29. Qf3 Rd4 30. Kh2 a5 31. g3 Qd5 0-1


[Site "https://www.chess.com"]

[Event "Titled Tuesday Blitz August 02 Late 2022"]
[White "Maksimovic, Bojan"]
[Black "Fromm, Marius"]
[WhiteFideId "14408120"]
[BlackFideId "12993190"]
[WhiteElo "2453"]
[BlackElo "2274"]
[Result "1-0"]
[Round "08"]
[TimeControl "180+1"]
[Date "2022.08.02"]
[WhiteClock "0:02:30"]
[BlackClock "0:01:01"]

1. e4 c5 2. Nf3 d6 3. Bb5+ Bd7 4. a4 Nf6 5. Nc3 g6 6. O-O Bg7 7. Re1 O-O 8. d3 Nc6 9. h3 e5 10. Bg5 h6 11. Bxf6 Bxf6 12. Nd5 Bg7 13. a5 Be6 14. a6 Ne7 15. axb7 Rb8 16. Nxe7+ Qxe7 17. Bc6 Qc7 18. Ra6 Rxb7 19. Bxb7 Qxb7 20. Rxd6 Qxb2 21. Nd2 Qb7 22. Nc4 Rc8 23. Rxe6 1-0


[Site "https://www.chess.com"]

[Event "Titled Tuesday Blitz August 02 Late 2022"]
[White "Martic, Ivan"]
[Black "Harshavardhan G B"]
[WhiteFideId "929301"]
[BlackFideId "25059009"]
[WhiteElo "2355"]
[BlackElo "1831"]
[Result "1/2-1/2"]
[Round "08"]
[TimeControl "180+1"]
[Date "2022.08.02"]
[WhiteClock "0:00:45"]
[BlackClock "0:00:59"]

1. d4 Nf6 2. Nf3 c5 3. e3 d5 4. b3 Nc6 5. Bb2 e6 6. Bd3 Bd6 7. O-O O-O 8. c4 b6 9. Nc3 dxc4 10. bxc4 Bb7 11. d5 Ne5 12. e4 Nxf3+ 13. Qxf3 Be5 14. Qe2 Re8 15. Qc2 exd5 16. exd5 a6 17. a4 Qd6 18. g3 Re7 19. Rae1 Rae8 20. Re2 Bd4 21. Rfe1 h5 22. Ne4 Nxe4 23. Bxd4 Nxg3 24. Bh7+ Kf8 25. hxg3 cxd4 26. Bf5 Rxe2 27. Rxe2 Rxe2 28. Qxe2 b5 29. axb5 axb5 30. Qb2 Qc5 31. Qxb5 Qxb5 32. cxb5 Ke7 33. Be4 Kd6 34. b6 Kc5 35. d6 Kxb6 36. d7 Kc7 37. Bxb7 Kxd7 38. Bf3 g6 39. Kf1 Ke6 40. Ke2 Ke5 41. Kd3 f6 42. Be4 g5 43. Bf3 h4 44. gxh4 gxh4 45. Bg4 Kf4 46. Bh3 Kf3 47. Kxd4 Kxf2 48. Ke4 Kg3 49. Bd7 Kg2 50. Kf5 h3 51. Bc6+ Kg1 52. Kxf6 h2 53. Kg5 Kf2 54. Kh4 Kg1 55. Kg3 Kf1 56. Kxh2 1/2-1/2


[Site "https://www.chess.com"]

[Event "Titled Tuesday Blitz August 02 Late 2022"]
[White "Martinez Alcantara, Jose Eduardo"]
[Black "Mardov, Dimitar"]
[WhiteFideId "3805662"]
[BlackFideId "30919495"]
[WhiteElo "2703"]
[BlackElo "2185"]
[Result "1-0"]
[Round "08"]
[TimeControl "180+1"]
[Date "2022.08.02"]
[WhiteClock "0:00:08"]
[BlackClock "0:00:04"]

1. e4 c5 2. Nf3 e6 3. c3 d5 4. e5 d4 5. Bd3 Nc6 6. O-O Nge7 7. Re1 Ng6 8. Bb5 Bd7 9. c4 a6 10. Bxc6 Bxc6 11. d3 Be7 12. Nbd2 O-O 13. Ne4 f5 14. exf6 gxf6 15. Ng3 Qd7 16. Qe2 e5 17. h4 Rae8 18. Bh6 Rf7 19. h5 Nf4 20. Bxf4 exf4 21. Nf1 Qg4 22. N1h2 Qxh5 23. Nxd4 Qxe2 24. Nxe2 Bd6 25. Nc3 Rfe7 26. Rxe7 Rxe7 27. Kf1 Be5 28. Re1 Kf7 29. Ne4 Bxb2 30. Nf3 Bd4 31. Nxd4 cxd4 32. Nd6+ Kf8 33. Rxe7 Kxe7 34. Nf5+ Ke6 35. Nxd4+ Ke5 36. Nb3 b5 37. cxb5 axb5 38. f3 Bd5 39. d4+ Kf5 40. Kf2 Ke6 41. Nc5+ Kf5 42. a3 h5 43. Kg1 h4 44. Kh2 Bc4 45. Ne4 Ke6 46. Nc3 Bf1 47. Kg1 Bc4 48. Kf2 Kd6 49. Kg1 Ke6 50. Kh1 Kd6 51. Kh2 Bf1 52. Kh3 Ke6 53. Kxh4 Bxg2 54. Kg4 Bf1 55. Kxf4 Bc4 56. Ke3 Kf5 57. Ne4 Ke6 58. Nc3 Kd6 59. Ke4 Ke6 60. d5+ Kd6 61. Kd4 f5 62. f4 Bf1 63. Nd1 1-0


[Site "https://www.chess.com"]

[Event "Titled Tuesday Blitz August 02 Late 2022"]
[White "Munoz, Francisco Javier"]
[Black "Ernst, Sipke"]
[WhiteFideId "128368"]
[BlackFideId "1004689"]
[WhiteElo "2383"]
[BlackElo "2436"]
[Result "0-1"]
[Round "08"]
[TimeControl "180+1"]
[Date "2022.08.02"]
[WhiteClock "0:00:07"]
[BlackClock "0:00:48"]

1. e4 e5 2. Nc3 Nf6 3. Nf3 Nc6 4. Bb5 Bd6 5. d3 h6 6. h3 a6 7. Bxc6 dxc6 8. Be3 Qe7 9. Nd2 Be6 10. O-O O-O-O 11. f4 exf4 12. Bxf4 Bxf4 13. Rxf4 g5 14. Rf2 g4 15. Qf1 Qc5 16. e5 g3 17. exf6 gxf2+ 18. Qxf2 Qxf2+ 19. Kxf2 Rhg8 20. Nce4 h5 21. Re1 Rg6 22. Nf3 Rdg8 23. Nh4 Rh6 24. c4 b6 25. b3 c5 26. Ke3 Bd7 27. Rf1 Kb7 28. Rf5 Bxf5 29. Nxf5 Rhg6 30. g3 Re8 31. Kf4 Re6 32. g4 hxg4 33. hxg4 Rexf6 34. Nxf6 Rxf6 35. g5 Rg6 36. Nh4 Rd6 37. Ke4 Rd4+ 0-1


[Site "https://www.chess.com"]

[Event "Titled Tuesday Blitz August 02 Late 2022"]
[White "Nakamura, Hikaru"]
[Black "Oparin, Grigoriy"]
[WhiteFideId "2016192"]
[BlackFideId "24125890"]
[WhiteElo "2850"]
[BlackElo "2639"]
[Result "1-0"]
[Round "08"]
[TimeControl "180+1"]
[Date "2022.08.02"]
[WhiteClock "0:00:18"]
[BlackClock "0:00:02"]

1. Nf3 Nf6 2. e3 d5 3. c4 e6 4. Nc3 Bd6 5. b3 O-O 6. g3 c6 7. Bg2 e5 8. O-O Re8 9. d3 Na6 10. Bb2 Bg4 11. cxd5 cxd5 12. h3 Bd7 13. a3 Nc7 14. Qd2 Bc6 15. Rfc1 Ne6 16. Ne2 Nf8 17. d4 e4 18. Ne5 Rc8 19. Nxc6 bxc6 20. Rc2 Qd7 21. a4 Rc7 22. Ba3 Rb8 23. Bxd6 Qxd6 24. Rc3 Ne6 25. Rac1 a5 26. Qc2 Rb6 27. Rc5 Ra6 28. Rc3 h5 29. h4 Ng4 30. Bh3 g6 31. Bxg4 hxg4 32. Qd1 Rb6 33. Kg2 Kg7 34. Rc5 Ra6 35. R5c2 Rb6 36. Qd2 Rb4 37. Rc3 Rb8 38. Qc2 Rb6 39. Rh1 Kh6 40. Rc5 Ra6 41. Rc3 Rb6 42. Qd2 Rcb7 43. Nc1 Ng7 44. Qd1 Qd7 45. Rc5 Ra6 46. Ne2 Ne6 47. Rc3 Rab6 48. Qc2 Qd6 49. Rc1 Rc7 50. Qd2 Kg7 51. Rc5 Rxb3 52. Rxa5 Ra3 53. Ra6 Qd7 54. Qc2 Qc8 55. Rb6 Qa8 56. Nc3 Qa5 57. Qb2 Ra7 58. Rxc6 Rxa4 59. Nxa4 Qxa4 60. Rc8 Qa6 61. Qb8 Re7 62. Rg8+ 1-0


[Site "https://www.chess.com"]

[Event "Titled Tuesday Blitz August 02 Late 2022"]
[White "Naroditsky, Daniel"]
[Black "Makarian, Rudik"]
[WhiteFideId "2026961"]
[BlackFideId "44105681"]
[WhiteElo "2608"]
[BlackElo "2403"]
[Result "1-0"]
[Round "08"]
[TimeControl "180+1"]
[Date "2022.08.02"]
[WhiteClock "0:00:43"]
[BlackClock "0:00:24"]

1. e4 c5 2. c3 d5 3. exd5 Nf6 4. Bb5+ Nbd7 5. d4 a6 6. Ba4 b5 7. Bc2 Nxd5 8. Nf3 e6 9. O-O Be7 10. a4 Bb7 11. Qe2 O-O 12. Rd1 c4 13. Nbd2 Rc8 14. axb5 axb5 15. Ne4 Qb6 16. h4 b4 17. Bd2 N7f6 18. Ne5 Ba6 19. Nxf6+ Nxf6 20. Bg5 Bb5 21. Ba4 Rfd8 22. Bxb5 Qxb5 23. Ra7 Re8 24. Bxf6 gxf6 25. Qg4+ 1-0


[Site "https://www.chess.com"]

[Event "Titled Tuesday Blitz August 02 Late 2022"]
[White "Nazaretyan, Tigran"]
[Black "Izoria, Zviad"]
[WhiteFideId "24162345"]
[BlackFideId "13601733"]
[WhiteElo "2179"]
[BlackElo "2626"]
[Result "0-1"]
[Round "08"]
[TimeControl "180+1"]
[Date "2022.08.02"]
[WhiteClock "0:00:21"]
[BlackClock "0:01:00"]

1. d4 d6 2. Nf3 g6 3. c4 Bg7 4. Nc3 Bg4 5. e3 c5 6. Be2 cxd4 7. exd4 Nc6 8. Be3 Nh6 9. d5 Bxf3 10. Bxf3 Ne5 11. Be2 Nf5 12. Bf4 Rc8 13. Qa4+ Qd7 14. Qxa7 Nxc4 15. O-O O-O 16. Bxc4 Rxc4 17. Bd2 Rfc8 18. Qb6 h5 19. Rac1 Nh4 20. h3 Rg4 21. hxg4 Qxg4 22. g3 Bd4 23. Qxd4 Nf3+ 24. Kg2 Nxd4 25. Rfe1 Qf3+ 26. Kg1 Qf5 27. Kg2 Qf3+ 28. Kg1 h4 29. Re3 Qf5 30. Kg2 h3+ 31. Kg1 Nf3+ 32. Rxf3 Qxf3 0-1


[Site "https://www.chess.com"]